AoeStats
← IvoryRooster

Arena

509489175Analyzed
3v3 RM · 7d ago on Sep 26, 2026· 55m 39s· 6 players
Game mode
Random Map
Map size
Normal (6 player)
Population
200
Speed
Normal
Resources
Standard
Victory
Conquest
Starting age
Dark Age
Ending age
Imperial Age
RankedLock teamsTeams togetherTeam positionsShared explorationLock speedFull tech treeHidden civsTurbo modeCheats
Victory
Defeat
🇨🇱 Burgundians · Chile
916
+11
🇨🇱 Franks · Chile
828
+14
🇨🇱 Malians · Chile
783
+16
🇺🇸 Huns · United States
860
-16
🇺🇸 Berbers · United States
834
-15
🇺🇸 Varangians · United States
691
-10
elsapokM
11:23 Feudal Age
15:39 Castle Age
14:51 Stone Mining
24:53 Wheelbarrow
35:12 Hand Cart
35:09 Padded Archer Armor
34:59 Fletching
34:42 Pikeman
35:09 Man-at-Arms
36:38 Leather Archer Armor
36:19 Bodkin Arrow
36:22 Long Swordsman
43:53 Imperial Age
44:22 Forging
44:13 Scale Mail Armor
43:51 Pikeman
44:34 Squires
45:57 Gold Mining
47:30 Gold Shaft Mining
47:16 Double-Bit Axe
49:22 Chain Mail Armor
Nergal9964
12:36 Feudal Age
15:04 Scale Barding Armor
17:23 Castle Age
16:54 Scale Mail Armor
18:07 Wheelbarrow
17:37 Double-Bit Axe
22:50 Loom
25:49 Stone Mining
28:30 Padded Archer Armor
29:41 Leather Archer Armor
30:37 Hand Cart
30:44 Gold Mining
31:10 Fletching
31:21 Treadmill Crane
32:15 Murder Holes
32:20 Pikeman
33:01 Squires
34:47 Bodkin Arrow
40:01 Bow Saw
41:17 Chain Mail Armor
42:04 Gold Shaft Mining
42:59 Forging
45:31 Iron Casting
46:54 Fortified Wall
49:44 Imperial Age
49:58 Capped Ram
51:09 Plate Mail Armor
51:40 Blast Furnace
50:02 Elite Throwing Axeman
51:03 Conscription
50:44 Chivalry
50:04 Ordonnance Companies
51:20 Cavalier
52:03 Husbandry
52:24 Chain Barding Armor
53:06 Chemistry
52:27 Ballistics
51:53 Arrowslits
52:43 Paladin
55:57 Plate Barding Armor
Gandaro S
11:24 Feudal Age
15:24 Castle Age
13:34 Double-Bit Axe
13:31 Horse Collar
26:00 Imperial Age
23:40 Cavalier
24:52 Bow Saw
25:21 Wheelbarrow
24:39 Loom
25:02 Heavy Plow
26:52 Gold Mining
26:56 Stone Mining
28:15 Forging
28:11 Scale Barding Armor
29:33 Chemistry
29:47 Paladin
31:41 Iron Casting
31:27 Chain Barding Armor
32:36 Two-Man Saw
32:13 Hand Cart
32:26 Husbandry
32:33 Caravan
33:53 Plate Barding Armor
34:01 Burgundian Vineyards
34:17 Conscription
34:44 Town Watch
36:03 Town Patrol
36:30 Guilds
38:49 Hoardings
39:51 Blast Furnace
38:39 Treadmill Crane
38:56 Murder Holes
39:58 Stone Shaft Mining
40:01 Gold Shaft Mining
39:28 Elite Coustillier
44:23 Crop Rotation
43:46 Fletching
43:56 Padded Archer Armor
44:04 Padded Archer Armor
44:36 Bodkin Arrow
45:48 Devotion
46:16 Illumination
46:07 Block Printing
48:17 Ballistics
50:33 Bracer
avianspyder
13:16 Feudal Age
15:15 Horse Collar
15:24 Double-Bit Axe
15:32 Stone Mining
16:42 Wheelbarrow
16:09 Gold Mining
20:16 Castle Age
20:01 Bloodlines
20:16 Scale Barding Armor
20:47 Forging
21:10 Husbandry
22:43 Gold Shaft Mining
23:03 Bow Saw
22:56 Heavy Plow
25:55 Hand Cart
26:43 Chain Barding Armor
30:54 Iron Casting
36:30 Imperial Age
36:39 Cavalier
39:04 Paladin
IvoryRooster
14:59 Feudal Age
15:04 Feudal Age
16:56 Man-at-Arms
17:24 Arson
17:29 Double-Bit Axe
18:08 Gold Mining
18:01 Horse Collar
18:39 Stone Mining
24:43 Forging
24:34 Scale Mail Armor
30:18 Wheelbarrow
30:32 Fletching
30:45 Padded Archer Armor
37:23 Loom
Viridios
6:30 Loom
10:38 Feudal Age
11:25 Double-Bit Axe
11:25 Horse Collar
13:03 Wheelbarrow
18:40 Forging
18:36 Scale Barding Armor
21:40 Castle Age
21:55 Town Watch
23:02 Bloodlines
22:57 Husbandry
23:32 Hand Cart
23:16 Gold Mining
23:17 Stone Mining
23:42 Bow Saw
23:34 Heavy Plow
30:10 Caravan
30:40 Chain Barding Armor
30:57 Iron Casting
36:00 Imperial Age
33:35 Town Patrol
33:56 Fortified Wall
34:07 Ballistics
33:29 Treadmill Crane
34:10 Masonry
34:25 Fletching
36:36 Scale Mail Armor
36:27 Cavalier
37:18 Vendel Legacy
39:59 Blast Furnace
41:40 Plate Barding Armor
44:10 Gothikon
44:11 Elite Jarl
45:13 Conscription
47:31 Bodkin Arrow
48:42 Two-Man Saw
48:16 Crop Rotation
47:20 Gothikon
47:25 Elite Varangian Guard
47:55 Gambesons
48:12 Squires
47:59 Arson
Connection lost

Rejoining the realm…

Still unreachable

The connection could not be restored.

Session expired

The server has moved on; the page needs a fresh start.